 Dungeon Crawl Stone Soup version 0.13.0-29-gdb529de (webtiles) character file.

1223 Lilouch the Ruinous (level 7, 0/36 HPs)
             Began as a Deep Elf Fire Elementalist on Nov 10, 2013.
             Was a Follower of Kikubaaqudgha.
             Fell down a flight of stairs (1 damage)
             ... on Level 6 of the Dungeon.
             The game lasted 00:42:53 (5622 turns).

Lilouch the Ruinous (Deep Elf Fire Elementalist)    Turns: 5622, Time: 00:42:53

HP   0/36        AC  6     Str  5      XL: 7   Next: 89%
MP   2/21        EV 18     Int 28      God: Kikubaaqudgha [*.....]
Gold 276         SH  0     Dex 15 (18) Spells:  5 memorised,  0 levels left

Res.Fire  : . . .   See Invis. : .   H - +0,+2 spear (slay drac)
Res.Cold  : . . .   Warding    : .   a - +0 elf robe
Life Prot.: . . .   Conserve   : .   (no shield)
Res.Poison: .       Res.Corr.  : .   (no helmet)
Res.Elec. : .       Clarity    : .   (no cloak)
Sust.Abil.: . .     Spirit.Shd : .   I - +0 pair of gloves
Res.Mut.  : .       Stasis     : +   n - +2 pair of dwarf boots
Res.Rott. : .       Flight     : .   h - amulet of stasis
Saprovore : . . .                    o - +1 ring of intelligence
                                     m - cursed -2 ring of dexterity

@: confused, brilliant, agile, quite poisoned, slightly resistant to hostile
enchantments, fairly stealthy
A: no striking features
a: Receive Corpses, Renounce Religion


You were on level 6 of the Dungeon.
You worshipped Kikubaaqudgha.
Kikubaaqudgha was aware of your devotion.
You were very hungry.

You visited 2 branches of the dungeon, and saw 7 of its levels.

You collected 256 gold pieces.

Inventory:

Hand weapons
 F - a +1,+1 dagger of speed
 H - a +0,+2 spear of dragon slaying (weapon)
 L - a +0,+0 sling
Missiles
 e - 16 poisoned needles
 i - 10 stones
 C - 8 javelins (quivered)
Armour
 a - a +0 elven robe (worn)
 n - a +2 pair of dwarven boots (worn)
 I - a +0 pair of gloves (worn)
Magical devices
 b - a wand of confusion (13)
 D - a wand of cold (10) {unknown}
 J - a wand of enslavement (5) {unknown}
Comestibles
 c - 4 bread rations
 l - 2 meat rations
Scrolls
 d - 2 scrolls of noise {unknown}
 g - 2 scrolls of magic mapping {unknown}
 k - 7 scrolls of identify {unknown}
 p - 2 scrolls of fear {unknown}
 q - a scroll of curse armour {unknown}
 r - 3 scrolls of blinking {unknown}
 s - 4 scrolls of remove curse {unknown}
 u - a scroll of curse jewellery {unknown}
 w - a scroll of teleportation {unknown}
 x - a scroll of enchant weapon I {unknown}
 y - a scroll of enchant armour {unknown}
 K - a scroll of curse weapon {unknown}
Jewellery
 h - an amulet of stasis (around neck)
 m - a cursed -2 ring of dexterity (left hand)
 o - a +1 ring of intelligence (right hand)
Books
 v - Kikubaaqudgha's Incunabulum of Sinister Arts
   (Kikubaaqudgha gifted it to you on level 6 of the Dungeon)

   Spells                             Type                      Level
   Pain                               Necromancy                   1
   Corpse Rot                         Necromancy                   2
   Sublimation of Blood               Necromancy                   2
   Regeneration                       Charms/Necromancy            3
   Control Undead                     Necromancy                   4


   Skills:
 - Level 2.4 Dodging
 - Level 2.4 Stealth
 - Level 4.6 Spellcasting
 * Level 7.1 Conjurations
 + Level 6.1 Fire Magic
 + Level 2.3 Evocations


You couldn't memorise any spells.
You knew the following spells:

 Your Spells              Type           Power        Failure   Level  Hunger
a - Flame Tongue          Conj/Fire      #####        1%          1    None
b - Throw Flame           Conj/Fire      ######       1%          2    None
c - Conjure Flame         Conj/Fire      ######..     1%          3    ##.....
d - Sticky Flame          Conj/Fire      ######..     1%          4    ###....
e - Fireball              Conj/Fire      ######....   1%          5    #####..


Dungeon Overview and Level Annotations

Branches:
Dungeon (6/27)             Temple (1/1) D:4
    Orc: D:6-11

Altars:
Fedhas
Kikubaaqudgha
Nemelex Xobeh
Okawaru
Sif Muna
Trog
Xom
the Shining One


Message History

Confirm with . or Enter, or press ? or * to list all spells.
Aiming: Throw Flame
Press: ? - help, Shift-Dir - straight line, f - orc
Aim: an orc, wielding an orcish war axe (hasn't noticed you)
The puff of flame hits the orc.
You kill the orc!
Kikubaaqudgha accepts your kill.
Evoke which item? (* to show all) (? for menu, Esc to quit)
Zapping:
b - a blackened silver wand
Press: ? - help, Shift-Dir - straight line, f - you Really target yourself?
You are confused.
b - a wand of confusion {zapped: 1}
* * * LOW HITPOINT WARNING * * *
You feel sick.
* * * LOW HITPOINT WARNING * * *
You feel sick.
In your confused state, you trip and fall back down the stairs.
You die...
Kikubaaqudgha rasps: "You have failed me!
Welcome... death!"

#...................
#....................
######...(...........
#.(.......)....
#...........#.###.#
#...........#.....#
#.................#
######ยง..........#.....#
....cg####.###..@......#
#####)# #.........##..#
#.# #(........# #Z#
#.........#
#####.####.........#
.......%..)........)
#####.####.........## #.#
#.........# #.# ......


There were no monsters in sight!

Vanquished Creatures
  A sky beast (D:5)
  3 ogres
  Sigmund (D:5)
  A centaur zombie (D:6)
  3 orc priests
  5 orc wizards
  A giant frog skeleton (D:6)
  8 gnolls
  2 adders
  4 giant mites
  A giant eyeball (D:6)
  4 giant geckos
  An ooze (D:1)
  14 orcs
  2 ball pythons
  13 bats
  A bat skeleton (D:5)
  10 goblins
  5 hobgoblins
  7 jackals
  8 giant cockroaches
  A giant newt (D:2)
  A hobgoblin skeleton (D:4)
  6 kobolds
  An orc zombie (D:6)
  5 quokkas
  9 rats
  A fungus (D:1)
  A plant (D:4)
120 creatures vanquished.

Notes
Turn   | Place    | Note
--------------------------------------------------------------
     0 | D:1      | Lilouch, the Deep Elf Fire Elementalist, began the quest for the Orb.
     0 | D:1      | Reached XP level 1. HP: 10/10 MP: 4/4
   273 | D:1      | Reached XP level 2. HP: 15/15 MP: 3/6
  1320 | D:3      | Learned a level 2 spell: Throw Flame
  1323 | D:3      | Reached XP level 3. HP: 19/19 MP: 3/9
  1564 | D:3      | Reached skill level 4 in Fire Magic
  1748 | D:3      | Reached XP level 4. HP: 22/24 MP: 4/12
  2035 | D:3      | Learned a level 3 spell: Conjure Flame
  2093 | D:3      | Reached XP level 5. HP: 25/28 MP: 1/15
  3062 | D:4      | Reached skill level 5 in Fire Magic
  3078 | D:4      | Reached XP level 6. HP: 26/32 MP: 0/18
  3646 | D:4      | Found a staircase to the Ecumenical Temple.
  3654 | D:4      | Reached skill level 5 in Conjurations
  3660 | D:4      | Learned a level 4 spell: Sticky Flame
  3665 | Temple   | Entered the Ecumenical Temple
  3680 | Temple   | Became a worshipper of Kikubaaqudgha
  3885 | D:5      | Entered Level 5 of the Dungeon
  4328 | D:5      | Reached XP level 7. HP: 36/36 MP: 8/21
  4374 | D:5      | Found a sparkling altar of Nemelex Xobeh.
  4458 | D:5      | Noticed Sigmund
  4463 | D:5      | Killed Sigmund
  4463 | D:5      | Reached skill level 6 in Conjurations
  4552 | D:5      | Learned a level 5 spell: Fireball
  4858 | D:5      | Reached skill level 1 in Evocations
  5583 | D:6      | Acquired Kikubaaqudgha's first power
  5583 | D:6      | Received a gift from Kikubaaqudgha
  5584 | D:6      | Identified Kikubaaqudgha's Incunabulum of Sinister Arts (Kikubaaqudgha gifted it to you on level 6 of the Dungeon)
  5602 | D:6      | Reached skill level 7 in Conjurations
  5621 | D:6      | HP: 1/36 [poison (a potion of poison)]
  5622 | D:6      | Fell down a flight of stairs

Action                   |  1- 3 |  4- 6 |  7- 9 || total
-------------------------+-------+-------+-------++-------
Melee: Unarmed           |    35 |       |       ||    35
       Spear             |       |   154 |   157 ||   311
       Dagger            |       |       |   106 ||   106
 Fire: Sling             |       |     6 |       ||     6
Throw: Dart              |    53 |    16 |       ||    69
       Stone             |       |     7 |     1 ||     8
       Javelin           |       |       |     8 ||     8
 Cast: Flame Tongue      |    45 |    74 |    28 ||   147
       Throw Flame       |    12 |    36 |    13 ||    61
       Conjure Flame     |       |    10 |    10 ||    20
       Fireball          |       |       |     2 ||     2
       Sticky Flame      |       |       |     1 ||     1
Evoke: Wand              |       |       |     1 ||     1
  Use: Potion            |       |       |     6 ||     6
 Stab: Sleeping          |       |     1 |       ||     1
